 Dungeon Crawl Stone Soup version 0.22.0-38-g04b72b8 (webtiles) character file.

66026 Inarius the Fighter (level 14, -6/106 HPs)
             Began as a Demonspawn Gladiator on Aug 30, 2018.
             Was the Champion of Hepliaklqana.
             Mangled by an orc knight
             ... wielding a +0 long sword
              (31 damage)
             ... on level 2 of the Orcish Mines.
             The game lasted 00:51:53 (22118 turns).

Inarius the Fighter (Demonspawn Gladiator)         Turns: 22118, Time: 00:51:56

Health: -6/106     AC: 23    Str: 19    XL:     14   Next: 77%
Magic:  21/21      EV:  8    Int: 11    God:    Hepliaklqana [******]
Gold:   1809       SH:  9    Dex: 14    Spells: 13/13 levels left

rFire    . . .     SeeInvis .   N - +4 broad axe (flame)
rCold    . . .     Gourm    .   p - +0 buckler
rNeg     . . .     Faith    .   v - +0 plate armour
rPois    +         Spirit   .   c - +0 helmet
rElec    .         Reflect  +   J - +2 cloak
rCorr    .         Harm     .   (no gloves)
MR       +....                  y - +0 pair of boots
Stlth    ..........             A - +3 amulet of reflection
HPRegen  7.27/turn              d - ring of poison resistance
MPRegen  0.17/turn              j - +1 ring of protection

@: drained
A: reduced essence, talons 1, yellow scales 1, foul stench 1, powered by death
3, rot immunity
a: Recall Ancestor, Ancestor Identity, Transference, Idealise, Renounce Religion


You were on level 2 of the Orcish Mines.
You worshipped Hepliaklqana.
Hepliaklqana was exalted by your worship.
You were not hungry.

You visited 4 branches of the dungeon, and saw 22 of its levels.

You collected 2062 gold pieces.
You spent 253 gold pieces at shops.

Inventory:

Hand Weapons
 N - a +4 broad axe of flaming (weapon)
Missiles
 o - a throwing net (quivered)
Armour
 c - a +0 helmet (worn)
 p - a +0 buckler (worn)
 v - a +0 plate armour (worn)
 y - a +0 pair of boots (worn)
 H - a +0 large shield
 J - a +2 cloak (worn)
Jewellery
 d - a ring of poison resistance (left hand)
 j - a +1 ring of protection (right hand)
 A - a +3 amulet of reflection (around neck)
 E - an uncursed ring of ice
 L - an uncursed ring of protection from cold
Wands
 h - a wand of scattershot (3)
 B - a wand of random effects (25)
 F - a wand of flame (30)
 K - a wand of iceblast (24)
Scrolls
 b - 4 scrolls of magic mapping
 e - 7 scrolls of teleportation
 k - 4 scrolls of amnesia
 n - 4 scrolls of immolation
 r - a scroll of blinking {unknown}
 t - 2 scrolls of fog
 u - 4 scrolls of enchant armour
 x - 2 scrolls of summoning
 z - a scroll of silence {unknown}
 C - 8 scrolls of remove curse
 I - 2 scrolls of vulnerability
Potions
 a - 3 potions of might
 g - 3 potions of agility
 l - 4 potions of lignification
 m - 2 potions of resistance
 q - 2 potions of brilliance
 s - 7 potions of curing
 G - a potion of ambrosia
 M - 2 potions of flight
 O - a potion of degeneration {unknown}
Comestibles
 f - 40 rations
 i - 52 chunks of flesh


   Skills:
 * Level 13.0(12.1) Fighting
   Level 3.9(3.3) Long Blades
 + Level 10.7(11.3) Axes
   Level 9.9(11.0) Maces & Flails
 - Level 1.7(1.1) Throwing
 + Level 10.8(10.0) Armour
 + Level 4.2(3.5) Dodging
 + Level 7.6(6.9) Shields
 * Level 9.8(9.0) Invocations
 + Level 1.8(1.1) Evocations


You had 13 spell levels left.
You didn't know any spells.
Your spell library contained the following spells:

 Spells                   Type           Power        Failure   Level  Hunger
 Beastly Appendage        Tmut           #.....       100%        1    ##.....
 Corona                   Hex            #......      100%        1    ##.....
 Ensorcelled Hibernation  Hex/Ice        #.....       100%        2    ###....
 Sticks to Snakes         Tmut           #.......     100%        2    ###....
 Confuse                  Hex            #.......     100%        3    ####...
 Dazzling Spray           Conj/Hex       #.....       100%        3    ####...
 Spider Form              Tmut/Pois      #.........   100%        3    ####...
 Tukima's Dance           Hex            #.......     100%        3    ####...
 Ice Form                 Ice/Tmut       #.......     100%        4    #####..
 Blade Hands              Tmut           #.........   100%        5    ######.


Dungeon Overview and Level Annotations

Branches:
Dungeon (13/15)            Temple (1/1) D:4            Lair (6/6) D:8
  Swamp (0/4) Lair:4       Spider (0/4) Lair:2        Slime (0/5) Lair:5
    Orc (2/2) D:10            Elf (0/3) Orc:2
 Vaults: D:13-14

Altars:
Ashenzari
Cheibriados
Dithmenos
Elyvilon
Fedhas
Gozag
Hepliaklqana
Kikubaaqudgha
Makhleb
Nemelex Xobeh
Okawaru
Qazlal
Ru
Sif Muna
Trog
Uskayaw
Vehumet
Wu Jian
Xom
Yredelemnul
Zin
The Shining One

Shops:
D:4 !   D:6 *   Orc:2 (

Annotations:
D:13 1 runed door, exclusion: orange crystal statue


Innate Abilities, Weirdness & Mutations

You have sharp toenails.
You are partially covered in yellow scales. (AC +2)
You may emit foul miasma when damaged in melee.
You regenerate a lot of health from kills.
You are immune to rotting.
Your life essence is reduced to manifest your ancestor. (-10% HP)


Message History

An orc high priest comes into view. It is wielding a dire flail.
You closely miss the orc knight.
The orc knight is severely wounded.
You slash the orc knight! You burn the orc knight.
The orc no longer looks unusually strong. x2
The orc knight hits you from afar with a halberd!
* * * LOW HITPOINT WARNING * * *
An orc warrior comes into view. It is wielding a trident.
The orc knight is engulfed in dark miasma.
The orc knight looks even sicker.
You block the orc knight's attack.
The orc knight hits Tihomir with a war axe!!
The orc warrior hits you from afar with a halberd.
* * * LOW HITPOINT WARNING * * *
The orc hits Tihomir but does no damage.
The orc knight roars a battlecry!
The orc goes into a battle-frenzy!
Tihomir hits the orc with a dagger of draining!
The orc dies!
The orc knight hits you with a long sword!!
You die... # # ##.. ..# ## # ##.........## #.. ##.............## ... #...............###... #.#.#.#.#.#.#.#.#.#o# . .................[oo ooo

...............)#R#oo43.
................@oooo4.o
#.#.#.#.#.#.#.#.#o#o#o#.
#...............###
##.............##
####.........### #
###.....### # #######
############# ##
..#.........#... ####


You could see the friendly Tihomir the hexer, 5 orc knights, a soul eater, 2 orc
high priests, a hellwing, an ice devil, 6 orc warriors, an orc priest and 2
orcs.

Vanquished Creatures
  Gastronok (Lair:1)
  Snorg (Lair:4)
  6 hydras
  Erica (Orc:1)
  3 catoblepae (Lair:6)
  A two-headed ogre (D:13)
  17 death yaks
  An orc high priest (Orc:2)
  An unseen horror (D:13)
  A deep elf mage (D:13)
  3 orc knights (Orc:2)
  An oklob plant (Lair:4)
  2 ugly things
  A moth of wrath (shapeshifter) (D:13)
  A manticore (Lair:6)
  3 cyclopes
  2 orc sorcerers (Orc:1)
  6 elephants (Lair:6)
  A black mamba (Lair:6)
  A torpor snail (Lair:4)
  7 spiny frogs
  An eye of devastation (Lair:5)
  3 rime drakes
  A demonic crawler (Lair:2)
  5 komodo dragons
  7 trolls
  A freezing wraith (D:13)
  2 polar bears (Lair:1)
  A hornet (D:13)
  3 hippogriffs
  7 blink frogs (Lair:5)
  A raiju (shapeshifter) (D:13)
  A vampire (D:11)
  A shadow (D:12)
  A tarantella (shapeshifter) (D:13)
  A steam dragon (Lair:4)
  4 wyverns
  35 yaks
  A hungry ghost (D:11)
  7 vampire mosquitoes
  2 wargs
  9 water moccasins
  3 acid dragons
  8 porcupines
  An eye of draining (D:13)
  2 sky beasts
  3 phantoms
  27 orc warriors
  An ice beast (D:12)
  7 black bears
  14 ogres
  8 wolves
  3 centaurs
  3 crocodiles
  2 big kobolds
  17 bullfrogs
  3 gnoll sergeants (D:10)
  4 scorpions
  A wyvern skeleton (D:13)
  7 killer bees
  2 howler monkeys
  A wight (D:10)
  An electric eel (Lair:6)
  4 crimson imps
  3 jellies
  A bullfrog zombie (D:8)
  A quasit (D:4)
  22 orc priests
  A hound (D:8)
  15 orc wizards
  2 centaur skeletons
  A hexer (D:9)
  4 worker ants
  2 killer bee zombies
  10 gnolls
  6 adders
  2 shadow imps
  A white imp (D:9)
  3 oozes
  An adder skeleton (D:4)
  6 worms
  A dart slug (D:4)
  4 leopard geckos
  70 orcs
  A ball python (D:4)
  3 bats
  5 giant cockroaches
  3 goblins
  8 hobgoblins
  16 jackals
  3 quokkas
  6 frilled lizards
  2 goblin skeletons (D:9)
  2 hobgoblin zombies (D:9)
  A jackal skeleton (D:5)
  10 kobolds
  2 kobold skeletons (D:9)
  A kobold zombie (D:9)
  A leopard gecko zombie (D:8)
  2 orc zombies (D:9)
  7 rats
  A bush (Lair:4)
  A butterfly (Lair:5)
  4 fungi
512 creatures vanquished.

Vanquished Creatures (collateral kills)
  A catoblepas (Lair:3)
  A two-headed ogre (D:7)
  A manticore (Lair:6)
  2 elephants (Lair:6)
  A spiny frog (Lair:6)
  A hornet (D:11)
  2 polar bears
  3 hippogriffs
  2 blink frogs (Lair:5)
  A spriggan (D:7)
  5 yaks
  A wyvern (D:11)
  A wraith (D:11)
  A hungry ghost (D:13)
  3 vampire mosquitoes
  A porcupine (Lair:1)
  An orc warrior (D:10)
  2 sky beasts
  3 black bears
  2 ogres
  An eye of draining (Lair:5)
  2 wolves (Lair:1)
  3 crocodiles
  A bullfrog (Lair:5)
  A gnoll sergeant (D:10)
  A wyvern skeleton (D:7)
  A scorpion (Lair:2)
  3 killer bees (D:10)
  2 wights (D:7)
  2 crimson imps
  2 hounds
  6 orc priests
  5 orc wizards
  An iguana (D:13)
  2 worker ants
  A hound skeleton (D:11)
  5 gnolls
  An adder (D:11)
  2 shadow imps
  A leopard gecko (D:4)
  16 orcs
  A jackal (D:5)
  A goblin skeleton (D:9)
  A kobold (D:12)
  4 butterflies
  A fungus (Lair:3)
102 creatures vanquished.

Vanquished Creatures (others)
  A blink frog (Lair:5)
  An orc wizard (D:9)
  14 hexers
  7 ancestors
  A butterfly (Lair:5)
  9 fungi
  14 plants
47 creatures vanquished.

Grand Total: 661 creatures vanquished

Notes
Turn   | Place    | Note
-------+----------+-------------------------------------------
     0 | D:1      | Inarius the Demonspawn Gladiator began the quest for the Orb.
     0 | D:1      | Reached XP level 1. HP: 16/16 MP: 1/1
    88 | D:1      | Gained mutation: You are partially covered in yellow scales. (AC +2) [demonic ancestry]
    88 | D:1      | Reached XP level 2. HP: 22/22 MP: 2/2
   878 | D:2      | Gained mutation: You regenerate a little health from kills. [demonic ancestry]
   878 | D:2      | Reached XP level 3. HP: 26/28 MP: 3/3
  1022 | D:2      | Found an iron altar of Okawaru.
  1475 | D:3      | Reached XP level 4. HP: 34/34 MP: 4/4
  1568 | D:3      | Found a faded altar of an unknown god.
  2133 | D:4      | Reached skill level 1 in Armour
  2479 | D:4      | Reached skill level 1 in Shields
  2479 | D:4      | Reached XP level 5. HP: 39/39 MP: 5/5
  2646 | D:4      | Reached skill level 1 in Maces & Flails
  2676 | D:4      | Found Leeress's Distillery.
  2679 | D:4      | Bought a potion of curing for 33 gold pieces
  2679 | D:4      | Bought a potion of heal wounds for 55 gold pieces
  2679 | D:4      | Bought a potion of resistance for 110 gold pieces
  2679 | D:4      | Bought a potion of heal wounds for 55 gold pieces
  2778 | D:4      | Found a staircase to the Ecumenical Temple.
  2789 | Temple   | Entered the Ecumenical Temple
  2956 | Temple   | Became a worshipper of Hepliaklqana the Forgotten
  3024 | D:5      | Entered Level 5 of the Dungeon
  3034 | D:5      | Noticed a phantom
  3093 | D:4      | Killed a phantom
  3093 | D:4      | Reached skill level 3 in Fighting
  3093 | D:4      | Gained mutation: You have sharp toenails. [demonic ancestry]
  3093 | D:4      | Reached XP level 6. HP: 34/42 MP: 6/6
  3232 | D:5      | Noticed a sky beast
  3388 | D:4      | Killed a sky beast
  3388 | D:4      | Reached XP level 7. HP: 41/47 MP: 7/7
  3601 | D:5      | Reached skill level 4 in Fighting
  4173 | D:6      | Found Roligh's General Store.
  4178 | D:6      | Found a shimmering altar of Xom.
  4218 | D:6      | Found a shattered altar of Ashenzari.
  4307 | D:6      | Reached * piety under Hepliaklqana
  4735 | D:6      | Gained mutation: You regenerate health from kills. [demonic ancestry]
  4735 | D:6      | Reached XP level 8. HP: 34/54 MP: 8/8
  5938 | D:7      | Noticed a two-headed ogre
  6084 | D:7      | Reached skill level 5 in Fighting
  6366 | D:7      | Reached skill level 5 in Armour
  6440 | D:7      | Reached skill level 5 in Maces & Flails
  6871 | D:7      | Killed a two-headed ogre
  6871 | D:7      | Reached XP level 9. HP: 46/62 MP: 9/9
  6987 | D:8      | Found a staircase to the Lair.
  7029 | D:8      | Noticed a komodo dragon
  7052 | D:8      | Killed a komodo dragon
  7052 | D:8      | Reached skill level 6 in Fighting
  8142 | D:8      | Reached XP level 10. HP: 68/69 MP: 10/10
  8184 | D:8      | Reached ** piety under Hepliaklqana
  8185 | D:8      | Remembered your ancestor Tihomir as a hexer
  8688 | D:9      | Reached skill level 7 in Fighting
  8816 | D:9      | Found a glowing golden altar of the Shining One.
  9215 | D:10     | Entered Level 10 of the Dungeon
  9215 | D:10     | Noticed a two-headed ogre
  9373 | D:10     | Found a staircase to the Orcish Mines.
  9794 | D:10     | Reached skill level 5 in Shields
 10014 | D:10     | Reached *** piety under Hepliaklqana
 10660 | D:11     | Gained mutation: You regenerate a lot of health from kills. [demonic ancestry]
 10660 | D:11     | Reached XP level 11. HP: 55/77 MP: 11/11
 10668 | D:11     | Reached skill level 8 in Fighting
 11293 | D:11     | Noticed a seven-headed hydra
 11304 | D:11     | Killed a seven-headed hydra
 11589 | D:11     | Noticed an eight-headed hydra
 11697 | D:11     | Noticed a brown ugly thing
 11750 | D:11     | Killed a brown ugly thing
 11987 | D:11     | Killed a seven-headed hydra
 12361 | D:11     | Reached skill level 9 in Fighting
 12457 | D:12     | Reached skill level 1 in Evocations
 13092 | Lair:1   | Entered Level 1 of the Lair of Beasts
 13161 | Lair:1   | Noticed an eight-headed hydra
 13214 | Lair:1   | Killed a four-headed hydra
 13442 | Lair:1   | Reached **** piety under Hepliaklqana
 13692 | Lair:1   | Reached skill level 1 in Axes
 13840 | Lair:1   | Noticed Gastronok
 13863 | Lair:1   | Killed Gastronok
 13863 | Lair:1   | Reached XP level 12. HP: 71/87 MP: 13/13
 14046 | Lair:1   | Reached skill level 10 in Fighting
 14144 | Lair:1   | Reached skill level 1 in Invocations
 14497 | Lair:2   | Found a hole to the Spider Nest.
 15104 | Lair:3   | Noticed a catoblepas
 15116 | Lair:3   | Killed a catoblepas
 15437 | Lair:3   | Reached ***** piety under Hepliaklqana
 15951 | Lair:4   | Reached skill level 5 in Axes
 15982 | Lair:4   | Found a staircase to the Swamp.
 16090 | Lair:4   | Reached skill level 10 in Armour
 16138 | Lair:4   | Noticed Snorg
 16154 | Lair:4   | Killed Snorg
 16565 | Lair:4   | Reached skill level 5 in Invocations
 17000 | Lair:5   | Gained mutation: You are immune to rotting. [demonic ancestry]
 17000 | Lair:5   | Reached XP level 13. HP: 78/94 MP: 15/17
 17397 | Lair:5   | Reached skill level 11 in Fighting
 17427 | Lair:5   | Found a staircase to the Slime Pits.
 17683 | Lair:5   | Got a jewelled trident
 17684 | Lair:5   | Identified the cursed +2 trident of the Six Lovers {pierce, Str+4 Dex+3 Stlth-} (You found it on level 5 of the Lair of Beasts)
 18277 | Lair:6   | Entered Level 6 of the Lair of Beasts
 18918 | Lair:6   | Reached skill level 12 in Fighting
 19182 | Lair:6   | Gained mutation: You may emit foul miasma when damaged in melee. [demonic ancestry]
 19182 | Lair:6   | Reached XP level 14. HP: 98/103 MP: 19/19
 19511 | Lair:6   | Reached ****** piety under Hepliaklqana
 20431 | D:13     | Reached skill level 10 in Axes
 20483 | D:13     | Found a runed door.
 20994 | Orc:1    | Entered Level 1 of the Orcish Mines
 21036 | Orc:1    | Noticed Erica
 21044 | Orc:1    | Killed Erica
 21566 | Orc:2    | Entered Level 2 of the Orcish Mines
 21613 | Orc:2    | Found Iruqeas's Weapon Shoppe.
 21743 | Orc:2    | Found a staircase to the Elven Halls.
 21967 | Orc:2    | Reached skill level 13 in Fighting
 22118 | Orc:2    | Mangled by an orc knight

Skill      XL: |  1  2  3  4  5  6  7  8  9 10 11 12 13 14 |
---------------+-------------------------------------------+-----
Long Blades    | 3 |  3.9
Dodging        | 3 4 |  4.2
Armour         | 1 2 4 6 7 8 9 10 | 10.8
Shields        | 1 2 3 4 5 6 7 |  7.6
Maces & Flails | 2 3 5 7 9 |  9.9
Fighting       | 3 4 5 6 7 9 10 12 13 | 13.0
Evocations     | 1 |  1.8
Axes           | 1 6 9 10 | 10.7
Invocations    | 5 7 9 |  9.8
Throwing       | |  1.7

Action                   |  1- 3 |  4- 6 |  7- 9 | 10-12 | 13-15 || total
-------------------------+-------+-------+-------+-------+-------++-------
Melee: Long sword        |   130 |       |       |       |       ||   130
       Whip              |     6 |   191 |   475 |   903 |       ||  1575
       Kick              |       |     8 |     3 |       |       ||    11
       War axe           |       |       |       |    24 |       ||    24
       Broad axe         |       |       |       |   230 |   696 ||   926
Throw: Throwing net      |       |       |     4 |     2 |       ||     6
Invok: Recall Ancestor   |       |       |     1 |     3 |       ||     4
       Ancestor Life: He |       |       |       |     1 |       ||     1
       Transference      |       |       |       |     1 |     1 ||     2
Evoke: Wand              |       |     1 |     5 |    14 |     6 ||    26
  Use: Scroll            |       |    11 |     7 |    11 |     7 ||    36
       Potion            |       |     1 |     4 |     2 |     3 ||    10
 Stab: Distracted        |       |     1 |     3 |     6 |     8 ||    18
       Held in net/web   |       |       |     1 |       |       ||     1
       Confused          |       |       |       |    17 |     7 ||    24
       Petrified         |       |       |       |     2 |       ||     2
  Eat: Chunk             |     2 |     6 |    26 |    18 |    20 ||    72
       Ration            |       |       |       |     2 |       ||     2
Armor: Leather armour    |    17 |       |       |       |       ||    17
       Ring mail         |    59 |     2 |       |       |       ||    61
       Chain mail        |       |    43 |       |       |       ||    43
       Plate armour      |       |   172 |   223 |   902 |   355 ||  1652
Dodge: Dodged            |   108 |    52 |    95 |   385 |   189 ||   829
Block: Buckler           |    18 |    45 |    83 |   340 |   278 ||   764
       Reflection        |       |       |       |       |     2 ||     2
       Rpst.: Long sword |    26 |       |       |       |       ||    26
